 Dungeon Crawl Stone Soup version 0.31.0-11-ge490571c62 (webtiles) character file.

Game seed: 3387116915576006668

95 Aldia the Slasher (level 4, 0/34 HPs)
             Began as a Human Wanderer on Feb 9, 2024.
             Slain by an orc wizard
             ... wielding a +0 dagger
              (1 damage)
             ... on level 3 of the Dungeon.
             The game lasted 00:02:22 (1300 turns).

Aldia the Slasher (Human Wanderer)                  Turns: 1300, Time: 00:02:24

Health: 0/34       AC:  4    Str: 20    XL:     4   Next: 65%
Magic:  4/4        EV: 12    Int:  8    God:
Gold:   59         SH:  0    Dex: 23    Spells: 3/3 levels left

rFire   + . .        a - +2 falchion
rCold   + . .        (no shield)
rNeg    . . .        e - +0 leather armour
rPois   .            (no helmet)
rElec   .            q - scarf {rC+ rF+}
rCorr   .            c - +0 pair of gloves
SInv    .            (no boots)
Will    .....        n - amulet of the acrobat
Stlth   +            f - +6 ring of dexterity
HPRegen 0.25/turn    s - +6 ring of strength
MPRegen 0.09/turn

%: acrobat
@: confused
A: explore regen
a: no special abilities


You were on level 3 of the Dungeon.
You visited 1 branch of the dungeon, and saw 3 of its levels.

You collected 59 gold pieces.

Inventory:

Hand Weapons
 a - a +2 falchion (weapon)
Armour
 c - a +0 pair of gloves (worn)
 e - a +0 leather armour (worn)
 o - an orb of energy
 q - a scarf of resistance (worn)
Jewellery
 f - a +6 ring of dexterity (left hand)
 n - an amulet of the acrobat (around neck)
 s - a +6 ring of strength (right hand)
Scrolls
 d - a scroll of vulnerability
 i - 2 scrolls of torment
 j - a scroll of identify {unknown}
 p - a scroll of fear {unknown}
 t - a scroll of teleportation {unknown}
 u - a scroll of immolation {unknown}
Potions
 b - a potion of lignification {unknown}
 g - a potion of might {unknown}
 h - 2 potions of curing {unknown}
 k - 2 potions of mutation {unknown}
 l - 3 potions of heal wounds {unknown}
 m - 2 potions of attraction {unknown}
 r - a potion of magic {unknown}


   Skills:
 + Level 2.8 Fighting
 * Level 5.1 Long Blades
 - Level 1.0 Axes
 - Level 1.0 Throwing
 + Level 1.7 Dodging
 - Level 2.0 Stealth


You had 3 spell levels left.
You didn't know any spells.
Your spell library was empty.

Dungeon Overview and Level Annotations

Branches:
Dungeon (3/15)

Altars:
Xom


Innate Abilities, Weirdness & Mutations

You regain HP and MP as you explore.


Message History

You closely miss the orc wizard.
The orc wizard is lightly wounded.
The orc hits you but does no damage. The orc barely misses you.
You closely miss the orc wizard.
The orc wizard is lightly wounded.
The orc wizard hits you with a +0 dagger.
The orc hits you with a +0 falchion. The orc closely misses you.
You hit the orc wizard.
The orc wizard is moderately wounded.
The orc wizard hits you with a +0 dagger.
The orc hits you but does no damage. The orc closely misses you.
You barely miss the orc wizard.
The orc wizard is moderately wounded.
The orc hits you with a +0 falchion.
The orc wizard points at you and mumbles some strange words.
You are confused.
The orc barely misses you.
You are too confused!
You are too confused!
You are too confused!
Unknown command.
You hit the orc.
The orc is heavily wounded.
The orc barely misses you. The orc hits you with a +0 flail.
The orc wizard gestures at you while chanting.
The puff of flame hits you. You resist.
You hit the orc.
The orc is heavily wounded.
The orc hits you but does no damage. The orc hits you with a +0 flail.
The orc wizard points at you and mumbles some strange words.
The puff of flame hits you. You resist.
* * * LOW HITPOINT WARNING * * *
You hit the orc.
The orc is almost dead.
The orc hits you with a +0 falchion.
* * * LOW HITPOINT WARNING * * *
The orc hits you with a +0 flail.
* * * LOW HITPOINT WARNING * * *
The orc wizard hits you with a +0 dagger.
You die...

####### ......# ......#
......#
##############o..$..#
##............@oo....#
###..############o.....#
....## ......# .####
......# ## ......#
...#### #### #


You could see an orc wizard and 3 orcs.

Vanquished Creatures
  An orc wizard (D:3)
  An adder (D:2)
  A dart slug (D:2)
  A ribbon worm (D:2)
  7 orcs (D:3)
  4 endoplasms
  A giant cockroach (D:1)
  3 goblins
  A hobgoblin (D:1)
  4 jackals (D:1)
  A quokka (D:2)
  5 ball pythons
  7 bats
  3 frilled lizards
  3 kobolds
  6 rats
49 creatures vanquished.

Notes
Turn   | Place    | Note
-------+----------+-------------------------------------------
     0 | D:1      | Aldia the Human Wanderer began the quest for the Orb.
     0 | D:1      | Aldia set off with the following items: a +2 falchion, a +0
                  | hand axe, a +0 pair of gloves, a scroll of vulnerability, a
                  | +0 leather armour.
     0 | D:1      | Reached XP level 1. HP: 16/16 MP: 1/1
   113 | D:1      | Reached XP level 2. HP: 19/22 MP: 2/2
   413 | D:1      | Reached skill level 1 in Dodging
   421 | D:1      | Reached XP level 3. HP: 20/28 MP: 3/3
   592 | D:2      | Found a shimmering altar of Xom.
  1109 | D:3      | Reached XP level 4. HP: 29/34 MP: 4/4
  1193 | D:3      | Reached skill level 5 in Long Blades
  1300 | D:3      | HP: 1/34 [orc/+0 flail (2)]
  1300 | D:3      | Slain by an orc wizard

Illustrated notes

Levels and vault maps discovered:
D:1:      eino_arrival_water_cross, layout_rooms
D:2:      layout_rooms, basic_altar, skrybe_limestone_x
D:3:      layout_rooms, nicolae_twisty_statue_hallways

Skill      XL: |  1  2  3  4 |
---------------+-------------+-----
Dodging        | 1 |  1.7
Long Blades    | 5 |  5.1
Fighting       | |  2.8
Axes           | |  1.0
Throwing       | |  1.0
Stealth        | |  2.0

Action                     |  1- 3 |  4- 6 || total
---------------------------+-------+-------++-------
  Melee: Falchion          |    96 |    33 ||   129
         Punch             |       |     1 ||     1
    Use: Scroll            |     1 |       ||     1
   Stab: Sleeping          |     6 |       ||     6
 Armour: Leather armour    |    51 |    29 ||    80
  Dodge: Dodged            |    77 |    31 ||   108
